 Dungeon Crawl Stone Soup version 0.31-a0-236-g9a0961fb85 (webtiles) character file.

Game seed: 2422403508858350400

130 qw the Shooter (level 4, -3/36 HPs)
             Began as a Minotaur Hexslinger on July 10, 2023.
             Killed by nerve-wracking pain
             ... invoked by an orc priest
              (8 damage)
             ... on level 3 of the Dungeon.
             The game lasted 00:00:57 (1891 turns).

qw the Shooter (Minotaur Hexslinger)                Turns: 1891, Time: 00:00:57

Health: -3/36      AC:  5    Str: 13    XL:     4   Next: 90%
Magic:  4/4        EV: 11    Int: 10    God:
Gold:   127        SH:  0    Dex: 14    Spells: 4/5 levels left

rFire   . . .        Y - +1 sling
rCold   + . .        (no shield)
rNeg    . . .        d - +0 ring mail
rPois   .            (helmet restricted)
rElec   .            (no cloak)
rCorr   .            (no gloves)
SInv    .            (no boots)
Will    .....        (no amulet)
Stlth   +            e - ring of protection from cold
HPRegen 0.26/turn    (no ring)
MPRegen 0.09/turn

%: no passive effects
@: no status effects
A: horns 2, retaliatory headbutt
a: no special abilities


You were on level 3 of the Dungeon.
You visited 1 branch of the dungeon, and saw 3 of its levels.

You collected 127 gold pieces.


Innate Abilities, Weirdness & Mutations

You have a pair of horns on your head.
You reflexively headbutt those who attack you in melee.


   Skills:
 + Level 2.0 Fighting
 - Level 5.2 Ranged Weapons
 - Level 1.4 Armour
 - Level 2.1 Dodging
 - Level 1.0 Spellcasting
 - Level 2.0 Hexes


You had 4 spell levels left.
You knew the following spells:

 Your Spells              Type           Power      Damage    Failure   Level
a - Slow                  Hex            16%        N/A       32%         1

Your spell library contained the following spells:

 Spells                   Type           Power      Damage    Failure   Level
 Inner Flame              Hex/Fire       2%         N/A       82%         3
 Portal Projectile        Hex/Tloc       4%         N/A       82%         3
 Cause Fear               Hex            2%         N/A       97%         4

Inventory:

Hand Weapons
 Y - a +1 sling (weapon)
Armour
 d - a +0 ring mail (worn)
Jewellery
 e - a ring of protection from cold (left hand)
Scrolls
 a - a scroll of identify
Potions
 b - a potion of berserk rage {unknown}

Dungeon Overview and Level Annotations

Branches:
Dungeon (3/15)

Altars:


Message History

You shoot a sling bullet.
The sling bullet closely misses the orc priest.
The orc priest mumbles some strange prayers to Beogh against you.
Beogh smites you!
The orc priest hits you but does no damage.
You shoot a sling bullet. The sling bullet hits the orc priest.
The orc priest is heavily wounded.
The hobgoblin hits you but does no damage.
The orc priest hits you but does no damage.
You shoot a sling bullet.
The sling bullet barely misses the orc priest.
The orc priest closely misses you. The hobgoblin hits you.
You shoot a sling bullet.
The sling bullet barely misses the orc priest.
The orc priest calls down the wrath of Beogh upon you.
Pain shoots through your body! The hobgoblin closely misses you.
You furiously retaliate!
You headbutt the hobgoblin. You shoot a sling bullet.
The sling bullet hits the hobgoblin.
You kill the hobgoblin!
The orc priest hits you but does no damage.
The orc priest hits you with a +0 club.
You shoot a sling bullet. The sling bullet hits the orc priest!
The orc priest is almost dead.
The orc priest hits you but does no damage.
You shoot a sling bullet.
The sling bullet closely misses the orc priest.
The orc priest completely misses you.
You shoot a sling bullet. The sling bullet hits the orc priest.
You kill the orc priest!
Your Ranged Weapons skill increases to level 5!
You shoot a sling bullet.
The sling bullet closely misses the orc priest.
The orc priest hits you with a +0 hand axe.
The orc priest closely misses you. You furiously retaliate!
You headbutt the orc priest! You shoot a sling bullet.
The sling bullet hits the orc priest.
The orc priest is almost dead.
The orc priest invokes the aid of Beogh against you.
Pain shoots through your body!
You die...

### .. . #.. #. .. #.# #.
..( #.# #.# ... ####.####
#.# # .. #.......# #.#
....#.##.......# #..
#.....o)...%..# ###
#.....#@......##########
###.o.#...............#
oo...#...............#
.g.....########........##
o(..### #.......... ....
#.......... ...
#.......... #..........
#..........


You could see an orc priest.

Vanquished Creatures
  An orc priest (D:3)
  4 adders (D:2)
  2 worms (D:2)
  3 dart slugs
  2 orcs (D:3)
  4 endoplasms
  A giant cockroach (D:2)
  3 goblins
  4 hobgoblins
  4 jackals (D:1)
  2 quokkas
  10 ball pythons
  3 bats
  4 frilled lizards
  A kobold (D:3)
  7 rats
55 creatures vanquished.

Notes
Turn   | Place    | Note
-------+----------+-------------------------------------------
     0 | D:1      | qw the Minotaur Hexslinger began the quest for the Orb.
     0 | D:1      | Reached XP level 1. HP: 16/16 MP: 1/1
     0 | D:1      | 0 ||| qw: Version: 0.3-a-52-g30416fa
     0 | D:1      | 0 ||| qw: Game counter: 4719
     0 | D:1      | 0 ||| qw: Melee chars always use a shield: true
     0 | D:1      | 0 ||| qw: God list: Okawaru
     0 | D:1      | 0 ||| qw: Allow faded altars: false
     0 | D:1      | 0 ||| qw: Do Orc after clearing Dungeon:15 true
     0 | D:1      | 0 ||| qw: Do second Lair branch before Depths: true
     0 | D:1      | 0 ||| qw: Lair rune preference: random
     0 | D:1      | 0 ||| qw: Goals: Normal
     0 | D:1      | 0 ||| PLANNING D:1-11
    90 | D:1      | 90 ||| UPGRADING to +0 ring mail.
   100 | D:1      | 100 ||| DROPPING +0 robe.
   101 | D:1      | 101 ||| DROPPING scroll of poison.
   137 | D:2      | Reached skill level 3 in Ranged Weapons
   137 | D:2      | Reached XP level 2. HP: 23/23 MP: 2/2
   178 | D:2      | 178 ||| READING scroll labelled UJUESHA LOUZY.
   199 | D:2      | 199 ||| READING scroll labelled UJEDIANAOC.
   200 | D:2      | 200 ||| READING scroll labelled UCIH ONGENT.
   264 | D:2      | 264 ||| FLEEEEING.
   272 | D:2      | 272 ||| STAIRDANCE
   283 | D:1      | 283 ||| READING scroll labelled PAQ ECUETERR.
   384 | D:1      | 384 ||| READING scroll labelled DAMYTW TAOQA.
   387 | D:2      | 387 ||| STAIRDANCE
   391 | D:2      | 391 ||| STAIRDANCE
   395 | D:2      | 395 ||| STAIRDANCE
   399 | D:2      | 399 ||| STAIRDANCE
   403 | D:2      | 403 ||| STAIRDANCE
   407 | D:2      | 407 ||| STAIRDANCE
   411 | D:2      | 411 ||| STAIRDANCE
   415 | D:2      | 415 ||| STAIRDANCE
   419 | D:2      | 419 ||| STAIRDANCE
   425 | D:2      | 425 ||| STAIRDANCE
   429 | D:2      | 429 ||| STAIRDANCE
   433 | D:2      | 433 ||| STAIRDANCE
   437 | D:2      | 437 ||| STAIRDANCE
   441 | D:2      | 441 ||| STAIRDANCE
   445 | D:2      | 445 ||| STAIRDANCE
   449 | D:2      | 449 ||| STAIRDANCE
   453 | D:2      | 453 ||| STAIRDANCE
   457 | D:2      | 457 ||| STAIRDANCE
   461 | D:2      | 461 ||| STAIRDANCE
   538 | D:1      | Reached XP level 3. HP: 29/29 MP: 3/3
   737 | D:1      | Reached skill level 4 in Ranged Weapons
   789 | D:1      | Found a faded altar of an unknown god.
  1048 | D:1      | 1048 ||| DROPPING ring of magical power.
  1049 | D:1      | 1049 ||| READING scroll labelled JOEJEN XAKHOT.
  1134 | D:2      | Reached skill level 1 in Armour
  1282 | D:2      | Reached XP level 4. HP: 34/36 MP: 4/4
  1588 | D:2      | 1588 ||| UPGRADING to ring of protection from cold.
  1589 | D:2      | 1589 ||| READING scroll labelled HARGHE JIHUB.
  1655 | D:2      | 1655 ||| READING scroll labelled VAILLA USUCE.
  1876 | D:3      | 1876 ||| Stepping ~*~*~tactically~*~*~ (outnumbered).
  1885 | D:3      | HP: 8/36 [orc priest/nerve-wracking pain (5)]
  1890 | D:3      | Reached skill level 5 in Ranged Weapons
  1890 | D:3      | HP: 5/36 [orc priest/+0 hand axe (1)]
  1891 | D:3      | Killed from afar by an orc priest

Levels and vault maps discovered:
D:1:      amcnicky_arrival_blooded_trapdoor, layout_loops_cross,
          nicolae_ecumenical_snake_handling, serial_bayou_crossing
D:2:      layout_rooms
D:3:      cheibrodos_greedy_goblins, layout_basic

Skill      XL: |  1  2  3  4 |
---------------+-------------+-----
Ranged Weapons | 3 4 5 |  5.2
Fighting       | 2 |  2.0
Armour         | 1 |  1.4
Dodging        | |  2.1
Spellcasting   | |  1.0
Hexes          | |  2.0

Action                     |  1- 3 |  4- 6 || total
---------------------------+-------+-------++-------
   Fire: Sling             |   108 |    76 ||   184
    Use: Scroll            |     6 |     2 ||     8
 Armour: Ring mail         |    31 |    14 ||    45
  Dodge: Dodged            |    44 |    18 ||    62

Table legend:
 A = Non-vault XP
 B = Vault XP
 C = Vault XP percentage of total XP
 D = Non-vault monster count
 E = Vault monster count
 F = Vault count percentage of total count
                 A         B        C        D         E       F
            +---------+---------+-------+---------+---------+-------
      Total |     182 |       5 |   2.7 |      52 |       3 |   5.5
            +---------+---------+-------+---------+---------+-------
        D:1 |      34 |       5 |  12.8 |      21 |       3 |  12.5
        D:2 |      87 |       0 |   0.0 |      20 |       0 |   0.0
        D:3 |      61 |       0 |   0.0 |      11 |       0 |   0.0
            +---------+---------+-------+---------+---------+-------
